 Dungeon Crawl Stone Soup version 0.28-a0-1518-gbe868bca14 (webtiles) character file.

Game seed: 11715521133319303158

4 Nattfarinn the Skirmisher (level 1, 0/14 HPs)
             Began as a Gargoyle Monk on Jan 17, 2022.
             Slain by a jackal (2 damage)
             ... on level 1 of the Dungeon.
             The game lasted 00:00:12 (121 turns).

Nattfarinn the Skirmisher (Gargoyle Monk)            Turns: 121, Time: 00:00:13

Health: 0/14       AC:  4    Str: 14    XL:     1   Next: 70%
Magic:  1/1        EV: 12    Int: 10    God:
Gold:   0          SH:  0    Dex: 12    Spells: 0/0 levels left

rFire   . . .      SeeInvis .   a - +0 mace
rCold   . . .      Faith    .   (no shield)
rNeg    + . .      Spirit   .   b - +0 robe
rPois   ∞          Reflect  .   (no helmet)
rElec   +          Harm     .   (no cloak)
rCorr   .          Rampage  .   (no gloves)
Will    .....                   (no boots)
Stlth   ++........              (no amulet)
HPRegen 0.04/turn               (no ring)
MPRegen 0.07/turn               (no ring)

@: no status effects
A: sickness immunity, AC +2, negative energy resistance 1, electricity
resistance, torment resistance 1, petrification resistance
a: no special abilities


You were on level 1 of the Dungeon.
You visited 1 branch of the dungeon, and saw 1 of its levels.

Inventory:

Hand Weapons
 a - a +0 mace (weapon)
Armour
 b - a +0 robe (worn)


   Skills:
 + Level 3.3 Fighting
 + Level 3.1 Maces & Flails
 + Level 2.5 Dodging
 + Level 2.3 Stealth


You couldn't memorise any spells.
You didn't know any spells.
Your spell library was empty.

Dungeon Overview and Level Annotations

Branches:
Dungeon (1/15)

Altars:


Innate Abilities, Weirdness & Mutations

You are immune to sickness and miasma.
Your stone body is resilient. (AC +2)
You are immune to poison.
You resist negative energy. (rN+)
You are resistant to electric shocks. (rElec)
You are resistant to unholy torment.
You are immune to petrification.


Message History

You barely miss the jackal. The jackal closely misses you.
The jackal bites you but does no damage.
The jackal completely misses you. The jackal closely misses you.
The jackal completely misses you. The jackal closely misses you.
You hit the jackal.
The jackal is lightly wounded.
The jackal closely misses you.
The jackal bites you but does no damage.
The jackal bites you. The jackal closely misses you. The jackal bites you. x2
You miss the jackal.
The jackal is lightly wounded.
The jackal bites you but does no damage.
The jackal completely misses you. The jackal closely misses you. x2
You hit the jackal.
The jackal is severely wounded.
The jackal completely misses you. The jackal barely misses you.
The jackal bites you. The jackal misses you.
The jackal bites you but does no damage.
You barely miss the jackal.
The jackal is severely wounded.
The jackal bites you.
* * * LOW HITPOINT WARNING * * *
The jackal bites you but does no damage.
The jackal closely misses you.
The jackal bites you but does no damage. x3
You closely miss the jackal.
The jackal is severely wounded.
The jackal barely misses you. The jackal misses you.
The jackal closely misses you. x2; The jackal barely misses you.
The jackal bites you but does no damage.
Unknown command.
You hit the jackal.
You kill the jackal!
The jackal closely misses you. The jackal bites you.
* * * LOW HITPOINT WARNING * * *
The jackal barely misses you. The jackal closely misses you.
Unknown command.
Unknown command.
The jackal bites you.
You die...

#..###........ ..
....#........
#...#...#...h....
#...#...#(.......
#...#...#........
#.......#........
#.......#........
#.............###
#+#+###...#@#.##...
#....#....hh#......
#.<..####..........
###.#####..........
#........>....###
##...........##
#...........#
#...........#
#......######


You could see 3 jackals.

Vanquished Creatures
  An endoplasm (D:1)
  A goblin (D:1)
  A jackal (D:1)
  A rat (D:1)
4 creatures vanquished.

Notes
Turn   | Place    | Note
-------+----------+-------------------------------------------
     0 | D:1      | Nattfarinn the Gargoyle Monk began the quest for the Orb.
     0 | D:1      | Reached XP level 1. HP: 14/14 MP: 1/1
   121 | D:1      | Slain by a jackal

Illustrated notes

Levels and vault maps discovered:
D:1:      dpeg_arrival_ratfight, layout_basic, minmay_pentomino_o2

Action                   || total
-------------------------++-------
Melee: Mace              ||    15
Armor: Robe              ||    15
Dodge: Dodged            ||    31

Table legend: (Time is in decaauts)
 A = Elapsed time spent in this place.
 B = Non-inter-level travel time spent in this place.
 C = Inter-level travel time spent in this place.
 D = Time resting spent in this place.
 E = Time spent auto-exploring this place.
 F = Levels seen in this place.
 G = Mean time per level.
                   A        B        C        D        E       F      G
               +--------+--------+--------+--------+--------+-----+--------+
         Total |    124 |    124 |      0 |      0 |     90 |   1 |  124.0 |
       Dungeon |    124 |    124 |      0 |      0 |     90 |   1 |  124.0 |
               +--------+--------+--------+--------+--------+-----+--------+

Top non-repeatable levels by time:
     D:1: 124 daAuts
